[Event "CCT Chessable Masters Play-In 2025"]
[Site "Online"]
[Date "2025.02.17"]
[Round "1.20"]
[White "Grandelius, Nils"]
[Black "Le, Tuan Minh"]
[Result "0-1"]
[ECO "D13"]
[WhiteElo "2644"]
[BlackElo "2598"]
[PlyCount "214"]
[EventDate "2025.02.13"]
[EventType "swiss"]
[EventCountry "NET"]
[TimeControl "600"]
[BlackClock "0:00:05"]

1. d4 d5 2. c4 c6 3. cxd5 cxd5 4. Bf4 Nf6 5. Nc3 Nc6 6. Nf3 a6 7. Ne5 Bd7 8. e3 e6 9. Bd3 Be7 10. O-O O-O 11. Qf3 g6 12. Bh6 Re8 13. Qh3 Nxe5 14. dxe5 Nh5 15. Rad1 Bc6 16. Ne2 Qc7 17. f4 Bb5 18. Nd4 Bxd3 19. Rxd3 Rac8 20. Qf3 Ng7 21. h3 Bf8 22. Qf2 Qc4 23. Rb3 b5 24. a3 Qc7 25. Rc3 Qd7 26. Rfc1 Rc4 27. b3 Rxc3 28. Rxc3 Rc8 29. Qc2 Rxc3 30. Qxc3 Nf5 31. Bxf8 Kxf8 32. Qc5+ Kg7 33. Nxf5+ gxf5 34. Kf2 Qd8 35. b4 Qh4+ 36. Kf3 Qh5+ 37. Kg3 Qe2 38. Kh2 h6 39. Qc3 Qc4 40. Qe1 Qd3 41. Qc1 Qb3 42. Kg3 d4 43. Kf2 d3 44. Ke1 Qa2 45. Qd2 Qxa3 46. Kf2 a5 47. bxa5 b4 48. a6 b3 49. a7 Qxa7 50. Qxd3 Qa2+ 51. Kg3 b2 52. Qd8 b1=Q 53. Qf6+ Kg8 54. Qd8+ Kh7 55. Qe7 Qe1+ 56. Kh2 Qxg2+ 57. Kxg2 Qe2+ 58. Kh1 Qf3+ 59. Kh2 Qf2+ 60. Kh1 Qe1+ 61. Kg2 Qe2+ 62. Kh1 Qh5 63. Kg2 Qg6+ 64. Kf2 Kg7 65. Qh4 Kh7 66. Qe7 Kg8 67. Qh4 Kg7 68. Qe7 Qh5 69. Qf6+ Kh7 70. Kg3 Qg6+ 71. Qxg6+ fxg6 72. h4 Kg7 73. Kf3 Kf7 74. Ke2 Ke7 75. Kd3 Kd7 76. Kd4 Kc6 77. Kc4 Kb6 78. Kb4 Kc6 79. Kc4 h5 80. Kb4 Kd5 81. Kb5 Ke4 82. Kc6 Kxe3 83. Kd6 Kxf4 84. Kxe6 Kg4 85. Kd6 f4 86. e6 f3 87. e7 f2 88. e8=Q f1=Q 89. Qxg6+ Kxh4 90. Qe4+ Kg3 91. Qg6+ Kh4 92. Qe4+ Kg5 93. Kc7 Qf5 94. Qe7+ Qf6 95. Qe2 Qf4+ 96. Kb6 Qg4 97. Qe7+ Kf4 98. Qb4+ Kf5 99. Qc5+ Kg6 100. Qd6+ Kh7 101. Qe7+ Kh6 102. Qf8+ Qg7 103. Qf4+ Kh7 104. Qf3 Qg6+ 105. Kc7 Qg4 106. Qf7+ Qg7 107. Qxg7+ Kxg7 0-1

[Event "CCT Chessable Masters Play-In 2025"]
[Site "Online"]
[Date "2025.02.17"]
[Round "1.21"]
[White "Niemann, Hans Moke"]
[Black "Sychev, Klementy"]
[Result "1-0"]
[ECO "C54"]
[WhiteElo "2734"]
[BlackElo "2542"]
[PlyCount "67"]
[EventDate "2025.02.13"]
[EventType "swiss"]
[EventCountry "NET"]
[TimeControl "600"]
[WhiteClock "0:04:13"]
[BlackClock "0:00:55"]

1. e4 e5 2. Nf3 Nc6 3. Bc4 Nf6 4. d3 Bc5 5. c3 O-O 6. O-O d5 7. exd5 Nxd5 8. Re1 Bg4 9. h3 Bh5 10. a4 a5 11. Nbd2 Nb6 12. Bb3 Kh8 13. Ne4 Nd7 14. Ng3 Bxf3 15. Qxf3 f5 16. Qh5 Nf6 17. Qe2 f4 18. Ne4 f3 19. gxf3 Nxe4 20. Qxe4 Bd6 21. Kf1 Nb8 22. d4 Nd7 23. Bc2 g6 24. Bh6 Re8 25. Re2 c6 26. Rae1 Bf8 27. Bc1 Bg7 28. Qg4 Qc7 29. Bg5 Rf8 30. Qh4 Kg8 31. f4 exd4 32. Re7 Qd6 33. Bb3+ Kh8 34. Rxg7 1-0

[Event "CCT Chessable Masters Play-In 2025"]
[Site "Online"]
[Date "2025.02.17"]
[Round "1.22"]
[White "Mitrabha, Guha"]
[Black "Lu, Shanglei"]
[Result "0-1"]
[ECO "A09"]
[WhiteElo "2499"]
[BlackElo "2618"]
[PlyCount "142"]
[EventDate "2025.02.13"]
[EventType "swiss"]
[EventCountry "NET"]
[TimeControl "600"]
[BlackClock "0:00:39"]

1. Nf3 Nf6 2. g3 d5 3. Bg2 c5 4. O-O Nc6 5. c4 d4 6. e3 e5 7. d3 Be7 8. exd4 cxd4 9. Bg5 O-O 10. a3 a5 11. Bxf6 Bxf6 12. Nbd2 Be7 13. Re1 f6 14. Rb1 Bf5 15. Qe2 Qd7 16. Nh4 Bg4 17. Bf3 Be6 18. Be4 Bd6 19. f4 Rfe8 20. f5 Bf7 21. g4 Rab8 22. Qg2 Be7 23. Rec1 a4 24. Ndf3 Na5 25. g5 Bh5 26. g6 h6 27. Nd2 b5 28. c5 Kf8 29. c6 Qd6 30. Rc2 Rec8 31. Nf1 b4 32. axb4 Qxb4 33. Ng3 a3 34. Nxh5 a2 35. Ra1 Nb3 36. Rxa2 Qe1+ 37. Qf1 Qxh4 38. Ng3 Rc7 39. Qe1 Qg5 40. Kh1 Bb4 41. Qd1 Nc5 42. Qf3 Ke7 43. Ra1 Qe3 44. Kg2 Nb3 45. Rd1 Nd2 46. Qf2 Nb3 47. Rc4 Na5 48. Rc2 Nb3 49. Re2 Qg5 50. Qf3 Nd2 51. Qf2 Nb3 52. Kh3 h5 53. Bd5 Nc5 54. Qf3 Rh8 55. Ne4 Nxe4 56. Bxe4 Ra7 57. Rc2 Kd6 58. Rc4 Rb8 59. c7 Rxc7 60. Rxc7 Kxc7 61. Ra1 Bc5 62. Ra2 Kd6 63. Ra6+ Rb6 64. Rxb6+ Bxb6 65. Bb7 Ke7 66. Be4 Ba5 67. Qg3 Bd2 68. b3 Kd6 69. Qf3 Kc5 70. Qg3 Qe3 71. Kh4 Be1 0-1

[Event "CCT Chessable Masters Play-In 2025"]
[Site "Online"]
[Date "2025.02.17"]
[Round "1.23"]
[White "Robson, Ray"]
[Black "Meshkovs, Nikita"]
[Result "1-0"]
[ECO "E53"]
[WhiteElo "2689"]
[BlackElo "2531"]
[PlyCount "73"]
[EventDate "2025.02.13"]
[EventType "swiss"]
[EventCountry "NET"]
[TimeControl "600"]
[WhiteClock "0:02:06"]
[BlackClock "0:01:01"]

1. d4 Nf6 2. c4 e6 3. Nc3 Bb4 4. e3 O-O 5. Bd3 d5 6. a3 Bxc3+ 7. bxc3 dxc4 8. Bxc4 c5 9. Nf3 b6 10. Qe2 Nc6 11. O-O Qc7 12. e4 e5 13. h3 Re8 14. Ng5 Re7 15. d5 Na5 16. f4 b5 17. d6 Qxd6 18. fxe5 Qxe5 19. Bf4 Qxc3 20. Bxf7+ Rxf7 21. Nxf7 Qc4 22. Qxc4 Nxc4 23. Nd6 Nxd6 24. Bxd6 Be6 25. Bxc5 Nxe4 26. Bd4 Bc4 27. Rfe1 Ng3 28. Kh2 Ne2 29. Bb2 a5 30. Rad1 Ra7 31. Rd8+ Kf7 32. Red1 g5 33. R1d6 Nf4 34. Rh6 Re7 35. Rf6+ Kg7 36. Rxf4+ Kg6 37. Rf6+ 1-0

[Event "CCT Chessable Masters Play-In 2025"]
[Site "Online"]
[Date "2025.02.17"]
[Round "1.25"]
[White "Esipenko, Andrey"]
[Black "Naroditsky, Daniel"]
[Result "0-1"]
[ECO "E73"]
[WhiteElo "2695"]
[BlackElo "2619"]
[PlyCount "68"]
[EventDate "2025.02.13"]
[EventType "swiss"]
[EventCountry "NET"]
[TimeControl "600"]
[WhiteClock "0:02:56"]
[BlackClock "0:03:18"]

1. d4 Nf6 2. c4 g6 3. Nc3 Bg7 4. e4 d6 5. h4 O-O 6. Be2 c5 7. d5 b5 8. cxb5 a6 9. a4 axb5 10. Bxb5 Ba6 11. Bxa6 Nxa6 12. Nf3 Qd7 13. O-O Qg4 14. Re1 Nd7 15. Bg5 Rfe8 16. Qe2 h6 17. Bc1 Nb4 18. Nb5 Rec8 19. Ra3 c4 20. Rd1 Ne5 21. Nbd4 Ned3 22. Bd2 Rab8 23. a5 Nxb2 24. Rb1 N2d3 25. g3 Nxd5 26. Rxb8 Rxb8 27. exd5 Bxd4 28. Nxd4 Qxd4 29. Bc3 Rb1+ 30. Kh2 Qxd5 31. f3 Qc5 32. Ra2 Qg1+ 33. Kh3 Qh1+ 34. Kg4 f5# 0-1

[Event "CCT Chessable Masters Play-In 2025"]
[Site "Online"]
[Date "2025.02.17"]
[Round "1.26"]
[White "Hong, Andrew"]
[Black "Kramnik, Vladimir"]
[Result "1-0"]
[ECO "C11"]
[WhiteElo "2579"]
[BlackElo "2753"]
[PlyCount "53"]
[EventDate "2025.02.13"]
[EventType "swiss"]
[EventCountry "NET"]
[TimeControl "600"]
[WhiteClock "0:05:08"]
[BlackClock "0:03:01"]

1. d4 Nf6 2. Nc3 e6 3. e4 d5 4. e5 Nfd7 5. f4 c5 6. Nf3 Nc6 7. Be3 Be7 8. Qd2 a6 9. Bd3 b5 10. Qf2 c4 11. Be2 Nb6 12. a3 Bd7 13. O-O g6 14. Qg3 Qc7 15. Ng5 b4 16. axb4 Nxb4 17. f5 Nxc2 18. Nxf7 Nxe3 19. Qxe3 Rf8 20. fxg6 hxg6 21. Qh6 Rxf7 22. Rxf7 Kd8 23. Rxe7 Kxe7 24. Qh4+ Ke8 25. Qh8+ Ke7 26. Qf6+ Ke8 27. Rf1 1-0

[Event "CCT Chessable Masters Play-In 2025"]
[Site "Online"]
[Date "2025.02.17"]
[Round "1.27"]
[White "Yoo, Christopher Woojin"]
[Black "Korobov, Anton"]
[Result "0-1"]
[ECO "B94"]
[WhiteElo "2588"]
[BlackElo "2627"]
[PlyCount "72"]
[EventDate "2025.02.13"]
[EventType "swiss"]
[EventCountry "NET"]
[TimeControl "600"]
[BlackClock "0:00:37"]

1. e4 c5 2. Nf3 d6 3. d4 cxd4 4. Nxd4 Nf6 5. Nc3 a6 6. Bg5 Nbd7 7. Qe2 h6 8. Bh4 e6 9. O-O-O Qc7 10. f4 b5 11. a3 Bb7 12. g4 Be7 13. Bg2 Rc8 14. Rhe1 g5 15. fxg5 hxg5 16. Bxg5 Rg8 17. h4 Ne5 18. Bxf6 Bxf6 19. g5 Be7 20. Bh3 Rh8 21. Nxe6 fxe6 22. Bxe6 Rxh4 23. Bxc8 Bxg5+ 24. Kb1 Bxc8 25. Nd5 Qg7 26. Qf2 Bg4 27. Rd4 Qf7 28. Qg2 Qh5 29. Qf2 Rh2 30. Nc7+ Kd7 31. Qf8 Be7 32. Qb8 Qh8 33. Qb7 Qc8 34. Qxc8+ Kxc8 35. Nd5 Bh4 36. Rg1 Bf2 0-1

[Event "CCT Chessable Masters Play-In 2025"]
[Site "Online"]
[Date "2025.02.17"]
[Round "1.28"]
[White "Mendonca, Leon Luke"]
[Black "Bortnyk, Olexandr"]
[Result "0-1"]
[ECO "A50"]
[WhiteElo "2641"]
[BlackElo "2601"]
[PlyCount "138"]
[EventDate "2025.02.13"]
[EventType "swiss"]
[EventCountry "NET"]
[TimeControl "600"]
[WhiteClock "0:00:03"]
[BlackClock "0:00:15"]

1. d4 Nf6 2. c4 b6 3. Nc3 Bb7 4. Qc2 g6 5. e4 d6 6. Nf3 Nbd7 7. Be2 e5 8. d5 h5 9. O-O Bh6 10. Bxh6 Rxh6 11. b4 Kf8 12. Nd2 Kg7 13. Nb3 a5 14. bxa5 bxa5 15. a4 c5 16. Nb5 Ra6 17. f4 exf4 18. Rxf4 Ne5 19. Raf1 Nfd7 20. Qc3 Kg8 21. h3 Rh7 22. Qg3 Bc8 23. Nd2 Qe7 24. R1f2 Rg7 25. Rf1 Rh7 26. Kh1 Rg7 27. R4f2 Nb6 28. Qb3 Nbd7 29. Nb1 Rb6 30. Qc3 Ra6 31. N1a3 Nf8 32. Nc2 Nh7 33. Qg3 Bd7 34. Ne3 Rb6 35. Ra1 Kh8 36. Rff1 Qg5 37. Qf2 Rg8 38. Ra3 Rf8 39. Qe1 Ra6 40. Qf2 Kg8 41. Kh2 Rb6 42. Kh1 Ra6 43. Kh2 f5 44. exf5 Bxf5 45. Nxf5 Rxf5 46. Qe3 Rxf1 47. Bxf1 Qh4 48. Qg3 Qxg3+ 49. Kxg3 Nf6 50. Kf4 Nfd7 51. Rb3 Rb6 52. Kg5 Kg7 53. Be2 Nf7+ 54. Kf4 Nde5 55. h4 Kf6 56. Ke4 Rb8 57. Rb1 Ke7 58. Rf1 Nh6 59. Nxd6 Rb2 60. Nc8+ Kd7 61. Nb6+ Kc7 62. Bd1 Nhg4 63. Bxg4 Nxg4 64. Na8+ Kb7 65. d6 Rd2 66. Nc7 Rd4+ 67. Kf3 Nh2+ 68. Ke3 Nxf1+ 69. Kf2 Nd2 0-1

[Event "CCT Chessable Masters Play-In 2025"]
[Site "Online"]
[Date "2025.02.17"]
[Round "1.29"]
[White "Daneshvar, Bardiya"]
[Black "Onyshchuk, Volodymyr"]
[Result "1-0"]
[ECO "A41"]
[WhiteElo "2604"]
[BlackElo "2610"]
[PlyCount "103"]
[EventDate "2025.02.13"]
[EventType "swiss"]
[EventCountry "NET"]
[TimeControl "600"]
[WhiteClock "0:00:27"]
[BlackClock "0:00:07"]

1. d4 d6 2. Nf3 g6 3. c4 Bg7 4. Nc3 e5 5. dxe5 dxe5 6. Qxd8+ Kxd8 7. g3 Be6 8. Ng5 Bxc4 9. b3 Be6 10. Nxe6+ fxe6 11. Bh3 Nc6 12. Ba3 Nd4 13. O-O-O Kc8 14. e3 Nf5 15. g4 Nh4 16. g5 Nf5 17. Rd2 e4 18. Rhd1 Ngh6 19. Nxe4 Nf7 20. Rd7 Ne5 21. Bxf5 exf5 22. Rxg7 fxe4 23. Rd5 Nd3+ 24. Kb1 b6 25. f3 Kb7 26. fxe4 Nf2 27. e5 Ne4 28. Rdd7 Rac8 29. Bd6 Nxg5 30. Bxc7 Ne6 31. Bd6+ Kc6 32. Rge7 Rhf8 33. Rxa7 Rf1+ 34. Kb2 Rf2+ 35. Kc3 Kd5+ 36. Kb4 Ng5 37. h4 Ne4 38. Rxh7 Rcc2 39. Rhd7 Rxa2 40. Bb8+ Ke6 41. Re7+ Kd5 42. Rad7+ Kc6 43. Rc7+ Kd5 44. Kb5 Rfb2 45. Rcd7+ Nd6+ 46. Rxd6+ Ke4 47. b4 Rb3 48. Rxb6 Kf3 49. Bd6 Ke2 50. Bc5 Rd3 51. e6 Ra8 52. Rd7 1-0

[Event "CCT Chessable Masters Play-In 2025"]
[Site "Online"]
[Date "2025.02.17"]
[Round "1.30"]
[White "Chirila, Ioan-Cristian"]
[Black "Bok, Benjamin"]
[Result "0-1"]
[ECO "E15"]
[WhiteElo "2506"]
[BlackElo "2583"]
[PlyCount "106"]
[EventDate "2025.02.13"]
[EventType "swiss"]
[EventCountry "NET"]
[TimeControl "600"]
[BlackClock "0:00:26"]

1. d4 Nf6 2. c4 e6 3. Nf3 b6 4. g3 Ba6 5. Qb3 Nc6 6. Nbd2 Na5 7. Qc3 c5 8. dxc5 bxc5 9. e4 Bb7 10. e5 Ne4 11. Nxe4 Bxe4 12. Bg2 Rb8 13. O-O Be7 14. Re1 f5 15. Be3 O-O 16. Rad1 Qc7 17. Bg5 Nc6 18. Bxe7 Nxe7 19. Rd2 Nc6 20. b3 Bxf3 21. Bxf3 Nd4 22. Rxd4 cxd4 23. Qxd4 a5 24. Rd1 Rfd8 25. Qc3 Qc5 26. Rd6 Rb6 27. Rd3 h6 28. h4 a4 29. Kg2 axb3 30. axb3 Rdb8 31. Bd1 R8b7 32. Qd2 Kh7 33. Bf3 Ra7 34. Rxd7 Rxb3 35. Rxa7 Qxa7 36. Qc2 Qa3 37. Bg4 Kh8 38. Bh5 Rb2 39. Qd1 Qc5 40. Be2 Qxe5 41. Kf1 Kh7 42. h5 Qe4 43. Bf3 Qxc4+ 44. Kg2 Qc5 45. Qe1 Qd4 46. Qf1 e5 47. Be2 e4 48. Kg1 e3 49. f3 Qd2 50. Qh3 Qe1+ 51. Bf1 Qf2+ 52. Kh1 Qxf3+ 53. Bg2 Rxg2 0-1

[Event "CCT Chessable Masters Play-In 2025"]
[Site "Online"]
[Date "2025.02.17"]
[Round "1.31"]
[White "Mamedov, Rauf"]
[Black "Vetokhin, Savva"]
[Result "1-0"]
[ECO "B25"]
[WhiteElo "2656"]
[BlackElo "2533"]
[PlyCount "71"]
[EventDate "2025.02.13"]
[EventType "swiss"]
[EventCountry "NET"]
[TimeControl "600"]
[WhiteClock "0:06:37"]
[BlackClock "0:03:44"]

1. e4 c5 2. Nf3 d6 3. Nc3 Nf6 4. g3 Nc6 5. Bg2 g6 6. O-O Bg4 7. h3 Bxf3 8. Bxf3 Bg7 9. Bg2 O-O 10. d3 Nd7 11. a4 Nd4 12. Nd5 e6 13. Ne3 a6 14. c3 Nc6 15. f4 Rb8 16. h4 b5 17. axb5 axb5 18. h5 Qc7 19. f5 Nde5 20. f6 Bh8 21. d4 cxd4 22. cxd4 Nd7 23. Ng4 Rfc8 24. hxg6 hxg6 25. e5 dxe5 26. d5 Nd4 27. dxe6 Nxe6 28. Be3 Ndc5 29. Rc1 Qd7 30. Nh6+ Kh7 31. Qg4 Nf4 32. gxf4 Qd3 33. Qh3 exf4 34. Nf5+ Kg8 35. Ne7+ Kf8 36. Qxh8# 1-0

[Event "CCT Chessable Masters Play-In 2025"]
[Site "Online"]
[Date "2025.02.17"]
[Round "1.32"]
[White "Sethuraman, S.P."]
[Black "Salem, A.R. Saleh"]
[Result "0-1"]
[ECO "B12"]
[WhiteElo "2557"]
[BlackElo "2631"]
[PlyCount "84"]
[EventDate "2025.02.13"]
[EventType "swiss"]
[EventCountry "NET"]
[TimeControl "600"]
[WhiteClock "0:00:53"]
[BlackClock "0:01:33"]

1. e4 c6 2. d4 d5 3. e5 Bf5 4. Nf3 e6 5. Be2 c5 6. Be3 cxd4 7. Nxd4 Ne7 8. O-O Nbc6 9. Bb5 a6 10. Bxc6+ bxc6 11. c4 Qd7 12. Na3 f6 13. exf6 gxf6 14. Re1 Bg6 15. cxd5 cxd5 16. Nb3 e5 17. f4 Bg7 18. Nc5 Qc6 19. Rc1 O-O 20. Bf2 Rfe8 21. Nd3 Qe6 22. fxe5 fxe5 23. Nf4 Qf7 24. Nxg6 Nxg6 25. Nc2 Rad8 26. Nb4 e4 27. Bd4 Nf4 28. Nc6 Rd6 29. Rf1 Rxc6 30. Rxc6 Bxd4+ 31. Kh1 Be5 32. g3 Qd7 33. gxf4 Qxc6 34. fxe5 Rxe5 35. Qg4+ Qg6 36. Qd7 e3 37. Rg1 e2 38. Rxg6+ hxg6 39. Qd8+ Kf7 40. Qc7+ Re7 41. Qf4+ Kg8 42. Qb8+ Kg7 0-1

[Event "CCT Chessable Masters Play-In 2025"]
[Site "Online"]
[Date "2025.02.17"]
[Round "1.33"]
[White "Sevian, Samuel"]
[Black "Tari, Aryan"]
[Result "1/2-1/2"]
[ECO "C60"]
[WhiteElo "2692"]
[BlackElo "2621"]
[PlyCount "219"]
[EventDate "2025.02.13"]
[EventType "swiss"]
[EventCountry "NET"]
[TimeControl "600"]
[WhiteClock "0:00:16"]
[BlackClock "0:00:44"]

1. e4 e5 2. Nf3 Nc6 3. Bb5 Nge7 4. O-O Ng6 5. Re1 Bc5 6. c3 Nh4 7. d3 O-O 8. Nbd2 d6 9. Bxc6 bxc6 10. d4 exd4 11. cxd4 Bb6 12. Nxh4 Qxh4 13. Nf3 Qh5 14. h3 Re8 15. Bf4 Qg6 16. Qd3 Bxh3 17. Nh4 Qf6 18. Qg3 Bd7 19. e5 Qe6 20. Nf3 d5 21. Be3 Qg4 22. Qxg4 Bxg4 23. Nd2 f6 24. f4 fxe5 25. fxe5 c5 26. dxc5 Ba5 27. a3 d4 28. b4 dxe3 29. Rxe3 Rad8 30. Nb3 Bb6 31. Rc1 Re7 32. cxb6 cxb6 33. Rc4 h5 34. Rd4 Rde8 35. Rd5 Be6 36. Rd6 Bxb3 37. Rxb3 Rxe5 38. Rd7 R8e7 39. Rbd3 Kf7 40. Kh2 g5 41. Rf3+ Ke6 42. Rd8 g4 43. Rfd3 Kf6 44. Kg3 Re3+ 45. Kh4 Rxd3 46. Rxd3 Re2 47. Kxh5 Rxg2 48. Rd7 a5 49. bxa5 bxa5 50. Rd5 a4 51. Ra5 Rg3 52. Kh4 Rxa3 53. Kxg4 Ke6 54. Kf4 Kd6 55. Ke4 Kc6 56. Kd4 Kb6 57. Ra8 Rh3 58. Kc4 a3 59. Kb4 Rh4+ 60. Kxa3 Kb5 61. Rb8+ Kc6 62. Rb4 Rh3+ 63. Rb3 Rh1 64. Rc3+ Kd5 65. Kb2 Kd4 66. Rc2 Kd3 67. Rc3+ Kd4 68. Rc2 Rh8 69. Rd2+ Kc4 70. Rc2+ Kb4 71. Rd2 Rh4 72. Rc2 Rg4 73. Rd2 Rf4 74. Rc2 Rf3 75. Rd2 Kc4 76. Rc2+ Kd4 77. Rd2+ Kc5 78. Rc2+ Kb4 79. Rd2 Rb3+ 80. Kc1 Kc3 81. Rc2+ Kd3 82. Rb2 Rc3+ 83. Kd1 Ra3 84. Rd2+ Ke3 85. Re2+ Kf3 86. Re7 Ra6 87. Kd2 Rc6 88. Kd3 Rd6+ 89. Kc4 Kf4 90. Kc5 Rd1 91. Kc6 Kf5 92. Rd7 Rc1+ 93. Kd6 Kf6 94. Rb7 Rd1+ 95. Kc6 Ke6 96. Rb5 Rd8 97. Kc5 Rc8+ 98. Kb4 Kd6 99. Rb6+ Kd5 100. Rb5+ Kd4 101. Rb7 Rc1 102. Rd7+ Ke5 103. Rd2 Ke4 104. Kb3 Ke3 105. Rc2 Rb1+ 106. Kc3 Rb8 107. Rc1 Ke2 108. Rc2+ Kd1 109. Rh2 Rc8+ 110. Kd3 1/2-1/2

[Event "CCT Chessable Masters Play-In 2025"]
[Site "Online"]
[Date "2025.02.17"]
[Round "1.34"]
[White "Lobanov, Sergei"]
[Black "Xu, Xiangyu"]
[Result "1-0"]
[ECO "E49"]
[WhiteElo "2508"]
[BlackElo "2623"]
[PlyCount "119"]
[EventDate "2025.02.13"]
[EventType "swiss"]
[EventCountry "NET"]
[TimeControl "600"]
[WhiteClock "0:00:13"]

1. d4 Nf6 2. c4 e6 3. Nc3 Bb4 4. e3 O-O 5. Bd3 d5 6. a3 Bxc3+ 7. bxc3 dxc4 8. Bxc4 c5 9. Ne2 Qc7 10. Ba2 Nc6 11. O-O Rd8 12. Bb2 b6 13. c4 cxd4 14. exd4 Ba6 15. Rc1 b5 16. d5 bxc4 17. Bxf6 gxf6 18. Bxc4 Bxc4 19. Rxc4 exd5 20. Rg4+ Kh8 21. Qc2 Qd7 22. Rh4 f5 23. Ng3 Ne7 24. Rd1 Qd6 25. Nxf5 Qf6 26. Rh5 Rac8 27. Qb1 Ng6 28. g3 d4 29. Nh6 Rc7 30. Rf5 Qg7 31. Ng4 Ne7 32. Rf4 Rcd7 33. Nf6 Nd5 34. Nxd5 Rxd5 35. Qd3 R5d7 36. Re1 Qg6 37. Rfe4 h5 38. h4 Kg7 39. Kh2 Re7 40. R1e2 Rxe4 41. Rxe4 Qf5 42. Kg1 Kg6 43. Kg2 Kg7 44. Qf3 Qxf3+ 45. Kxf3 d3 46. Re1 Kf6 47. Rd1 Ke5 48. Ke3 Rd4 49. Rxd3 Ra4 50. Rb3 a5 51. Rb5+ Kf6 52. Rxh5 Rxa3+ 53. Kf4 a4 54. Ra5 Ra1 55. f3 a3 56. g4 Kg7 57. Kg5 a2 58. f4 f6+ 59. Kf5 Kh6 60. h5 1-0

[Event "CCT Chessable Masters Play-In 2025"]
[Site "Online"]
[Date "2025.02.17"]
[Round "1.35"]
[White "Deac, Bogdan-Daniel"]
[Black "Quintiliano, Renato R."]
[Result "1-0"]
[ECO "E09"]
[WhiteElo "2692"]
[BlackElo "2515"]
[PlyCount "117"]
[EventDate "2025.02.13"]
[EventType "swiss"]
[EventCountry "NET"]
[TimeControl "600"]
[WhiteClock "0:00:07"]

1. Nf3 Nf6 2. c4 e6 3. g3 d5 4. Bg2 Be7 5. d4 O-O 6. O-O Nbd7 7. Qc2 c6 8. Nbd2 b6 9. e4 dxc4 10. Nxc4 Bb7 11. Bf4 c5 12. Rfe1 cxd4 13. Nd6 Bxd6 14. Bxd6 d3 15. Qxd3 Re8 16. e5 Nd5 17. Rac1 h6 18. Nd4 Rc8 19. Nb5 Rxc1 20. Rxc1 Qg5 21. Qf1 Ba6 22. a4 Qd2 23. b3 Bxb5 24. axb5 Qb2 25. Rb1 Qc3 26. Qe1 Rc8 27. Bxd5 exd5 28. Qe2 Nc5 29. Bxc5 Qxc5 30. e6 Re8 31. exf7+ Kxf7 32. Qh5+ Kf8 33. Qf3+ Kg8 34. Qd3 Rf8 35. Qe2 d4 36. Rd1 Rd8 37. Qd3 Kh8 38. h4 Rd5 39. Re1 Re5 40. Ra1 Qc3 41. Qd1 d3 42. Rc1 Qd4 43. Rc4 d2 44. Rxd4 Re1+ 45. Kg2 Rxd1 46. b4 Kh7 47. Kf3 Rb1 48. Rxd2 Rxb4 49. Rd5 Rb2 50. h5 Kg8 51. g4 Kf7 52. Rd7+ Kf6 53. Rxa7 Rxb5 54. Kg3 Rb3+ 55. f3 b5 56. Ra6+ Kf7 57. Ra7+ Kf6 58. Ra8 Kf7 59. Ra6 1-0

[Event "CCT Chessable Masters Play-In 2025"]
[Site "Online"]
[Date "2025.02.17"]
[Round "1.36"]
[White "Aditya Mittal"]
[Black "Sargsyan, Shant"]
[Result "0-1"]
[ECO "C90"]
[WhiteElo "2550"]
[BlackElo "2660"]
[PlyCount "90"]
[EventDate "2025.02.13"]
[EventType "swiss"]
[EventCountry "NET"]
[TimeControl "600"]
[WhiteClock "0:01:33"]
[BlackClock "0:04:49"]

1. e4 e5 2. Nf3 Nc6 3. Bb5 a6 4. Ba4 Nf6 5. O-O Be7 6. Re1 b5 7. Bb3 O-O 8. d3 d6 9. a3 Be6 10. c3 Qd7 11. Nbd2 h6 12. Nf1 Rfe8 13. Ng3 Bf8 14. d4 Bxb3 15. Qxb3 Na5 16. Qc2 c5 17. d5 c4 18. Nd2 g6 19. a4 h5 20. b4 cxb3 21. Nxb3 Nc4 22. Nd2 Nb6 23. a5 Na4 24. c4 Rec8 25. Ba3 Bh6 26. Ngf1 h4 27. h3 Nh5 28. Qb3 Nc5 29. Qf3 Nf4 30. Reb1 Ncd3 31. Ne3 Rab8 32. Qg4 Qa7 33. Ndf1 b4 34. Bc1 Qd4 35. Nf5 Qxf2+ 36. Kh2 Bf8 37. Be3 Qxg2+ 38. Qxg2 Nxg2 39. Kxg2 gxf5 40. exf5 Rxc4 41. Nd2 Rc2 42. Kf3 e4+ 43. Nxe4 Ne5+ 44. Kf4 Bh6+ 45. Ng5 Rc4+ 0-1

[Event "CCT Chessable Masters Play-In 2025"]
[Site "Online"]
[Date "2025.02.17"]
[Round "1.37"]
[White "Sarana, Alexey"]
[Black "Murzin, Volodar"]
[Result "1-0"]
[ECO "D46"]
[WhiteElo "2672"]
[BlackElo "2657"]
[PlyCount "57"]
[EventDate "2025.02.13"]
[EventType "swiss"]
[EventCountry "NET"]
[TimeControl "600"]
[WhiteClock "0:05:06"]
[BlackClock "0:01:57"]

1. d4 Nf6 2. c4 c6 3. Nc3 d5 4. Nf3 e6 5. e3 Nbd7 6. Bd3 Bd6 7. e4 dxc4 8. Bxc4 e5 9. dxe5 Nxe5 10. Nxe5 Bxe5 11. Qxd8+ Kxd8 12. Bxf7 Rf8 13. Bb3 Bxc3+ 14. bxc3 Nxe4 15. O-O Kc7 16. Re1 Bf5 17. f3 Nc5 18. Re7+ Kb6 19. Be3 Rfe8 20. Rxe8 Rxe8 21. Bd4 Re2 22. a4 a5 23. Bc4 Rb2 24. Re1 Rb1 25. Rxb1+ Bxb1 26. Bb3 g6 27. h4 Bd3 28. Kf2 Bb5 29. Ke3 1-0

[Event "CCT Chessable Masters Play-In 2025"]
[Site "Online"]
[Date "2025.02.17"]
[Round "1.38"]
[White "Narayanan S L"]
[Black "Sadhwani, Raunak"]
[Result "1-0"]
[ECO "B06"]
[WhiteElo "2622"]
[BlackElo "2666"]
[PlyCount "133"]
[EventDate "2025.02.13"]
[EventType "swiss"]
[EventCountry "NET"]
[TimeControl "600"]
[WhiteClock "0:02:53"]
[BlackClock "0:01:58"]

1. d4 g6 2. Nf3 Bg7 3. e4 d6 4. Bd3 e5 5. dxe5 dxe5 6. O-O Ne7 7. Qe2 O-O 8. Rd1 Nd7 9. a4 a5 10. b3 h6 11. Ba3 Re8 12. Nbd2 Nc6 13. c3 Qf6 14. Nc4 Bf8 15. Bxf8 Kxf8 16. Ne3 Ne7 17. Bc2 h5 18. Nc4 Nc6 19. Ne3 Ne7 20. Nc4 Kg7 21. Rd2 Nc5 22. Ncxe5 Bg4 23. Nxg4 hxg4 24. Nd4 Qh4 25. Nb5 Ne6 26. Qe3 Rh8 27. Qg3 Qg5 28. Rad1 Rh5 29. Nxc7 Nxc7 30. Qxc7 Rah8 31. Rd7 Rxh2 32. Kf1 Rh1+ 33. Ke2 Rxd1 34. Bxd1 Re8 35. Qc4 Qf4 36. Qd4+ Kh7 37. Bc2 Nc6 38. Qe3 Qf6 39. Rxb7 Ne5 40. Rb5 Qa6 41. Bd3 Nxd3 42. Qxd3 Qc6 43. f3 gxf3+ 44. gxf3 Qc7 45. Qe3 Rd8 46. Rd5 Rb8 47. Rb5 Rd8 48. f4 Re8 49. Rd5 Qb7 50. c4 Qc8 51. f5 Qc6 52. fxg6+ Qxg6 53. Qh3+ Kg7 54. Qf5 Qg2+ 55. Kd3 Qg3+ 56. Kc2 Qg2+ 57. Kc3 Qg3+ 58. Kb2 Qg2+ 59. Ka3 Rxe4 60. Qg5+ Qxg5 61. Rxg5+ Kh6 62. Rxa5 Kg6 63. Rd5 f5 64. a5 f4 65. Rd2 f3 66. Rf2 Rf4 67. a6 1-0

[Event "CCT Chessable Masters Play-In 2025"]
[Site "Online"]
[Date "2025.02.17"]
[Round "1.39"]
[White "Dubov, Daniil"]
[Black "Bachmann, Axel"]
[Result "1/2-1/2"]
[ECO "E61"]
[WhiteElo "2701"]
[BlackElo "2570"]
[PlyCount "87"]
[EventDate "2025.02.13"]
[EventType "swiss"]
[EventCountry "NET"]
[TimeControl "600"]
[WhiteClock "0:02:49"]
[BlackClock "0:05:21"]

1. Nf3 Nf6 2. c4 g6 3. Nc3 Bg7 4. d4 O-O 5. Bg5 h6 6. Bh4 d6 7. e3 g5 8. Bg3 Nh5 9. Bd3 e6 10. Nd2 Nxg3 11. hxg3 c5 12. d5 e5 13. g4 a6 14. a4 Nd7 15. Nde4 Nf6 16. Nxf6+ Qxf6 17. Ne4 Qe7 18. Ng3 e4 19. Bxe4 Bxb2 20. Rxh6 Bxa1 21. Qxa1 Qe5 22. Qxe5 dxe5 23. Nh5 f5 24. gxf5 Bxf5 25. Bxf5 Rxf5 26. Ng3 Rf7 27. Rb6 Raf8 28. Ne4 g4 29. a5 Kh8 30. Ke2 Rh7 31. Kd3 Rh1 32. Rxb7 Rd1+ 33. Kc2 Ra1 34. Re7 g3 35. fxg3 Ra2+ 36. Kd3 Ra3+ 37. Nc3 Rf1 38. Ke2 Rf8 39. Ne4 Ra2+ 40. Kd3 Ra3+ 41. Kd2 Ra2+ 42. Kc3 Ra3+ 43. Kd2 Ra2+ 44. Kd3 1/2-1/2

[Event "CCT Chessable Masters Play-In 2025"]
[Site "Online"]
[Date "2025.02.17"]
[Round "1.40"]
[White "Moroni, Luca Jr"]
[Black "Pantsulaia, Levan"]
[Result "1-0"]
[ECO "A43"]
[WhiteElo "2552"]
[BlackElo "2522"]
[PlyCount "59"]
[EventDate "2025.02.13"]
[EventType "swiss"]
[EventCountry "NET"]
[TimeControl "600"]
[WhiteClock "0:02:29"]
[BlackClock "0:01:16"]

1. c4 g6 2. Nc3 Bg7 3. d4 c5 4. d5 d6 5. e4 Bxc3+ 6. bxc3 e5 7. f4 Qf6 8. fxe5 Qh4+ 9. Kd2 Qxe4 10. Bd3 Qxg2+ 11. Ne2 Nd7 12. e6 fxe6 13. Rg1 Qxh2 14. Kc2 e5 15. Qf1 Ndf6 16. Rh1 Bh3 17. Qxh3 Qxh3 18. Rxh3 e4 19. Re3 Nh6 20. Bxe4 Kd7 21. Bd3 Nhg4 22. Re6 Raf8 23. Bg5 Rf7 24. Rf1 Rhf8 25. Ng3 Ne8 26. Re7+ Rxe7 27. Rxf8 Rg7 28. Ne4 Ne5 29. Bf1 Rf7 30. Bh3+ 1-0